 Dungeon Crawl Stone Soup version 0.19.1 (webtiles) character file.

30 Faca the Shield-Bearer (level 3, -3/29 HPs)
             Began as a Formicid Fighter on Dec 3, 2016.
             Slain by Crazy Yiuf
             ... wielding a +3 quarterstaff of chaos
              (9 damage)
             ... on level 2 of the Dungeon.
             The game lasted 00:03:35 (991 turns).

Faca the Shield-Bearer (Formicid Fighter)            Turns: 991, Time: 00:03:35

Health: -3/29      AC:  2    Str: 20    XL:     3   Next: 35%
Magic:  0/3        EV:  9    Int:  7    God:
Gold:   152        SH: 10    Dex: 11    Spells: 0 memorised, 2 levels left

rFire  . . .     SeeInvis +     a - +0 war axe
rCold  + . .     Gourm    .     k - -1 leather armour (curse)
rNeg   . . .     Faith    .     c - +1 shield
rPois  .         Spirit   .     (helmet unavailable)
rElec  .         Reflect  .     (no cloak)
rCorr  +         Harm     .     (no gloves)
MR     .....                    (no boots)
Stlth  +.........               (no amulet)
                                n - ring of protection from cold
                                g - ring of resist corrosion

@: no status effects
A: permanent stasis, dig shafts and tunnels, four strong arms, antennae 3
a: Dig, Shaft Self


You were on level 2 of the Dungeon.
You were not hungry.

You visited 1 branch of the dungeon, and saw 2 of its levels.

You collected 152 gold pieces.

Inventory:

Hand Weapons
 a - a +0 war axe (weapon)
Armour
 b - a +0 scale mail
 c - a +1 shield (worn)
 k - a cursed -1 leather armour (worn)
Jewellery
 g - a ring of resist corrosion (left hand)
 l - a +5 ring of intelligence
 n - a ring of protection from cold (right hand)
Scrolls
 i - a scroll of identify
Potions
 d - 2 potions of might
 e - 2 potions of heal wounds
 j - a potion of berserk rage {unknown}
 m - a potion of invisibility {unknown}
Comestibles
 f - a bread ration
 h - 3 meat rations


   Skills:
 + Level 3.5 Fighting
 + Level 2.5 Axes
 + Level 3.5 Armour
 + Level 4.1 Shields


You had 2 spell levels left.
You didn't know any spells.

Dungeon Overview and Level Annotations

Branches:
Dungeon (2/15)

Altars:

Annotations:
D:2 Crazy Yiuf


Innate Abilities, Weirdness & Mutations

You are under a permanent stasis effect.
You can dig through walls and to a lower floor.
Your four strong arms can wield two-handed weapons with a shield.
You have a pair of large antennae on your head. (SInv)


Message History

Crazy Yiuf hits you with a quarterstaff of chaos!
Your shield prevents you from hitting Crazy Yiuf.
Crazy Yiuf is moderately wounded.
You block Crazy Yiuf's attack. x2
You barely miss Crazy Yiuf.
Crazy Yiuf is moderately wounded.
Crazy Yiuf hits you with a quarterstaff of chaos.
You hit Crazy Yiuf.
Crazy Yiuf is severely wounded.
Crazy Yiuf hits you with a quarterstaff of chaos!
* * * LOW HITPOINT WARNING * * *
You feel your power leaking away.
You slash Crazy Yiuf!
Crazy Yiuf is almost dead.
Crazy Yiuf drinks a potion.
Crazy Yiuf is healed!
You slash Crazy Yiuf!
Crazy Yiuf is almost dead.
Crazy Yiuf barely misses you.
Crazy Yiuf hits you with a quarterstaff of chaos!
You die...

#.####.#########.#######.##
##.# #.# ##.# #..# ...#
##.# #..# ##.# #### #..#
#### #.# ######.## #.##
##.....# #..# #..##### ####
♣♣###.# ..## #)))#♣♣
♣♣.....# .##
#.)g@)♣♣♣♣......# .#
#)))#♣))♣).....## .# #####
#### ♣♣♣)♣)...## .## #...#
♣♣♣♣♣### ..#####...#
...†..#...######
.##†.......)...#
...........#...###
.######....#.#...#


You could see Crazy Yiuf.

Vanquished Creatures
  2 dart slugs
  A ball python (D:1)
  A giant cockroach (D:1)
  3 goblins
  2 hobgoblins
  3 jackals (D:2)
  4 bats
  A frilled lizard (D:1)
  A kobold (D:1)
  6 rats
24 creatures vanquished.

Notes
Turn   | Place    | Note
-------+----------+-------------------------------------------
     0 | D:1      | Faca the Formicid Fighter began the quest for the Orb.
     0 | D:1      | Reached XP level 1. HP: 18/18 MP: 1/1
   153 | D:1      | Reached XP level 2. HP: 21/24 MP: 2/2
   229 | D:1      | Reached skill level 4 in Shields
   632 | D:2      | Reached XP level 3. HP: 25/29 MP: 3/3
   980 | D:2      | Found a runed door.
   984 | D:2      | Noticed Crazy Yiuf
   991 | D:2      | Slain by Crazy Yiuf

Skill      XL: |  1  2 |
---------------+-------+-----
Shields        | 4 |  4.1
Fighting       | |  3.5
Axes           | |  2.5
Armour         | |  3.5

Action                   || total
-------------------------++-------
Melee: War axe           ||    79
  Use: Scroll            ||     6
Armor: Scale mail        ||    22
       Leather armour    ||     2
Dodge: Dodged            ||    29
Block: Shield            ||    37
